Selects Airborne Battlegroup
Selects Heavy Machine Gun Paradrop
Heavy Machine Gun Paradrop
Heavy Machine Gun Paradrop
Construct Medical Station
Selects Paratrooper Squad Paradrop
Selects Anti-tank Gun Team Paradrop
Anti-tank Gun Team Paradrop
Mechanized Support Center
Selects Smoke Bombing Run
Selects Paradrop Reinforcements
Paratrooper Squad Paradrop
M1918 Browing Automatic Rifles
Paratrooper Squad Paradrop
Anti-tank Gun Team Paradrop